 Dungeon Crawl Stone Soup version 0.28-a0-1190-g77e1c55843 (webtiles) character file.

Game seed: 17354018512123855058

123 enile the Ducker (level 5, -2/41 HPs)
             Began as a Barachi Wanderer on Dec 18, 2021.
             Was a Follower of Makhleb.
             Killed by divine providence
             ... invoked by an orc priest
              (15 damage)
             ... on level 3 of the Dungeon.
             The game lasted 00:05:56 (2480 turns).

enile the Ducker (Barachi Wanderer)                 Turns: 2480, Time: 00:05:57

Health: -2/41      AC:  6    Str: 13    XL:     5   Next: 7%
Magic:  6/6        EV: 12    Int: 10    God:    Makhleb [*.....]
Gold:   123        SH:  7    Dex: 16    Spells: 4/4 levels left

rFire   . . .      SeeInvis +   g - +1 rapier (speed)
rCold   . . .      Faith    .   b - +2 buckler
rNeg    . . .      Spirit   .   n - +0 ring mail
rPois   .          Reflect  .   d - +0 helmet
rElec   .          Harm     .   (no cloak)
rCorr   .          Rampage  .   (no gloves)
Will    .....                   (no boots)
Stlth   +.........              (no amulet)
HPRegen 0.13/turn               v - ring of see invisible
MPRegen 0.10/turn               (no ring)

@: unable to hop, slow
A: amphibious, slowness 1, strong legs 1, +LOS
a: Hop, Renounce Religion


You were on level 3 of the Dungeon.
You worshipped Makhleb.
Makhleb was aware of your devotion.
You visited 1 branch of the dungeon, and saw 3 of its levels.

You collected 123 gold pieces.

Inventory:

Hand Weapons
 a - a +0 hunting sling
 g - a +1 rapier of speed (weapon)
Missiles
 c - 53 sling bullets
 f - 8 boomerangs
 m - 69 stones
Armour
 b - a +2 buckler (worn)
 d - a +0 helmet (worn)
 e - a +0 robe
 n - a +0 ring mail (worn)
Jewellery
 v - a ring of see invisible (left hand)
Wands
 r - a wand of iceblast (12) (quivered)
 s - a wand of digging (2)
Scrolls
 j - a scroll of fear {unknown}
 l - a scroll of immolation {unknown}
 p - a scroll of teleportation {unknown}
 u - a scroll of identify {unknown}
 w - a scroll of fog {unknown}
 x - a scroll of torment {unknown}
Potions
 h - a potion of flight {unknown}
 i - a potion of attraction {unknown}
 k - 2 potions of curing {unknown}
 o - a potion of degeneration {unknown}
 q - 2 potions of heal wounds {unknown}
 t - a potion of might {unknown}


   Skills:
 - Level 3.0 Fighting
 + Level 2.5 Short Blades
 - Level 1.0 Slings
 - Level 2.0 Armour
 - Level 4.3 Dodging
 - Level 1.0 Stealth
 - Level 3.0 Shields
 - Level 2.0 Invocations


You had 4 spell levels left.
You didn't know any spells.
Your spell library contained the following spells:

 Spells                   Type           Power      Damage    Failure   Level
 Apportation              Tloc           0%         N/A       67%         1
 Call Canine Familiar     Summ           0%         N/A       95%         3
 Portal Projectile        Hex/Tloc       0%         N/A       95%         3
 Leda's Liquefaction      Hex/Erth       0%         N/A       100%        4
 Alistair's Intoxication  Tmut/Pois      0%         N/A       100%        5


Dungeon Overview and Level Annotations

Branches:
Dungeon (3/15)

Altars:
Makhleb
Nemelex Xobeh


Innate Abilities, Weirdness & Mutations

You are amphibious.
You cover ground slowly.
You can hop short distances.
You have an extended range of vision and can be seen from far away.


Message History

The orc priest shouts!
The orc priest invokes the aid of Beogh against you.
Beogh smites you!
An orc priest is nearby!
An orc priest is nearby!
You hit the orc priest but do no damage.
You hit the orc priest but do no damage.
The orc priest closely misses you.
You barely miss the orc priest.
The orc priest hits you with a +0 dagger.
You closely miss the orc priest. You barely miss the orc priest.
The orc priest hits you but does no damage.
You hit the orc priest.
The orc priest is lightly wounded.
The orc priest misses you.
You hit the orc priest but do no damage.
The orc priest is lightly wounded.
The orc priest hits you but does no damage.
You barely miss the orc priest.
The orc priest is lightly wounded.
The orc priest calls down the wrath of Beogh upon you.
Beogh smites you!
You hit the orc priest but do no damage.
The orc priest is lightly wounded.
You hit the orc priest but do no damage.
The orc priest is lightly wounded.
The orc priest invokes the aid of Beogh against you.
Pain shoots through your body!
* * * LOW HITPOINT WARNING * * *
Hop to where?
Press: ? - help, Dir - move target Boing!
You close the door.
There is an open door here.
You close the door.
An orc priest opens the door.
The orc priest mumbles some strange prayers to Beogh against you.
Beogh smites you!
You die...

#......######.###.#...
######.>..............
#.#############.. #.# ##.
########## ##### #.
#....!.+..# #...############
#.
#......#...#+.8.#..........#
#.
#......##...#...#.########.#
#. #o..+##..#.@†#.# #.###.
#.).#.###'.8.).# #.....
#.))#..#o#...### ######
......###+##..#...# ......
##..##+.8.# ...... ##.#
#...# ###### ### #####


You could see an orc priest.

Vanquished Creatures
  Jessica (D:3)
  2 adders
  A worm (D:3)
  5 dart slugs
  3 orcs (D:3)
  5 endoplasms
  A giant cockroach (D:1)
  5 goblins
  6 hobgoblins
  4 jackals (D:2)
  A quokka (D:2)
  6 ball pythons
  A ball python zombie (D:3)
  9 bats
  4 frilled lizards
  6 kobolds
  2 rats (D:1)
62 creatures vanquished.

Notes
Turn   | Place    | Note
-------+----------+-------------------------------------------
     0 | D:1      | enile the Barachi Wanderer began the quest for the Orb.
     0 | D:1      | enile set off with the following items: a +0 hunting sling,
                  | a +2 buckler, 19 sling bullets, a +0 helmet, a +0 robe
     0 | D:1      | Reached XP level 1. HP: 17/17 MP: 1/1
    30 | D:1      | You fall into a shaft and drop 1 floor!
    43 | D:2      | Reached XP level 2. HP: 24/24 MP: 2/2
   342 | D:2      | Reached skill level 1 in Short Blades
   342 | D:2      | Reached XP level 3. HP: 23/29 MP: 3/3
   923 | D:1      | Reached skill level 1 in Armour
  1258 | D:1      | Found a faded altar of an unknown god.
  1275 | D:1      | Prayed at the altar of an unknown god.
  1275 | D:1      | Became a worshipper of Makhleb the Destroyer
  1275 | D:1      | Reached * piety under Makhleb
  1373 | D:1      | Reached XP level 4. HP: 35/35 MP: 4/4
  1605 | D:2      | Found a sparkling altar of Nemelex Xobeh.
  1979 | D:3      | Noticed Jessica
  1995 | D:3      | Killed Jessica
  1996 | D:3      | Reached skill level 1 in Invocations
  2361 | D:3      | Reached XP level 5. HP: 32/41 MP: 6/6
  2480 | D:3      | Killed from afar by an orc priest

Illustrated notes

Levels and vault maps discovered:
D:1:      lemuel_arrival_cross, layout_basic,
          shapermc_ecumenical_altar_totnotflames, kennysheep_flooded_box,
          minmay_misc_feat_four_crosses, minmay_fountain_box, minmay_quantized
D:2:      layout_loops_cross, basic_altar, patterned_corridor
D:3:      minmay_chambers_of_threes, layout_loops_ring, uniq_jessica

Skill      XL: |  1  2  3  4 |
---------------+-------------+-----
Fighting       | 3 |  3.0
Shields        | 3 |  3.0
Short Blades   | 1 2 |  2.5
Armour         | 2 |  2.0
Invocations    | 2 |  2.0
Slings         | |  1.0
Dodging        | |  4.3
Stealth        | |  1.0

Action                   |  1- 3 |  4- 6 || total
-------------------------+-------+-------++-------
Melee: Unarmed           |    40 |       ||    40
       Rapier            |    70 |    72 ||   142
 Fire: Hunting sling     |    28 |       ||    28
 Abil: Hop               |       |     1 ||     1
Evoke: Wand              |       |     2 ||     2
 Stab: Sleeping          |     4 |       ||     4
Armor: Robe              |    16 |       ||    16
       Ring mail         |     3 |    17 ||    20
Dodge: Dodged            |    65 |    30 ||    95
Block: Buckler           |    55 |    14 ||    69

Table legend: (Time is in decaauts)
 A = Elapsed time spent in this place.
 B = Non-inter-level travel time spent in this place.
 C = Inter-level travel time spent in this place.
 D = Time resting spent in this place.
 E = Time spent auto-exploring this place.
 F = Levels seen in this place.
 G = Mean time per level.
                   A        B        C        D        E       F      G
               +--------+--------+--------+--------+--------+-----+--------+
         Total |   2793 |   2691 |    102 |      0 |   2153 |   3 |  931.0 |
       Dungeon |   2793 |   2691 |    102 |      0 |   2153 |   3 |  931.0 |
               +--------+--------+--------+--------+--------+-----+--------+

Top non-repeatable levels by time:
     D:2: 1100 daAuts
     D:1: 1088 daAuts
     D:3: 605 daAuts
